AoeStats
← codyjen

Fortress

509860936Analyzed
4v4 RM · 3d ago on Sep 28, 2026· 71m 57s· 8 players
Game mode
Random Map
Map size
Huge
Population
200
Speed
Normal
Resources
Standard
Victory
Conquest
Starting age
Dark Age
Ending age
Imperial Age
RankedLock teamsTeams togetherTeam positionsShared explorationLock speedFull tech treeHidden civsTurbo modeCheats
Victory
Defeat
🇪🇸 Britons · Spain
962
+12
🇫🇷 Lithuanians · France
941
+13
🇩🇪 Danes · Germany
861
+30
🇭🇺 Romans · Hungary
840
+17
🇨🇳 Franks · China
986
-18
🇨🇳 Persians · China
884
-15
🇻🇳 Hindustanis · Vietnam
835
-13
🇨🇳 Jurchens · China
793
-12
sascha.m.89x
8:19 Feudal Age
8:56 Double-Bit Axe
8:56 Horse Collar
11:43 Wheelbarrow
14:00 Castle Age
13:14 Scale Mail Armor
17:33 Heavy Plow
17:45 Bow Saw
20:44 Squires
20:29 Gambesons
21:06 Hand Cart
20:44 Loom
22:28 Gold Mining
24:49 Gold Shaft Mining
24:09 Stone Mining
26:55 Imperial Age
24:59 Forging
24:55 Squires
24:41 Gambesons
24:43 Arson
26:23 Chain Mail Armor
27:17 Stone Shaft Mining
27:21 Iron Casting
27:57 Conscription
27:00 Elite Varangian Guard
29:25 Plate Mail Armor
29:56 Blast Furnace
28:24 Northmen's Fury
28:46 Man-at-Arms
30:36 Chemistry
30:03 Caravan
29:54 Long Swordsman
30:47 Siege Engineers
32:33 Onager
34:57 Ballistics
34:16 Two-Handed Swordsman
35:44 Siege Onager
43:30 Champion
66:30 Hamask
IsidoreDucasse
7:04 Feudal Age
8:43 Wheelbarrow
7:54 Loom
12:45 Castle Age
10:41 Horse Collar
11:17 Double-Bit Axe
11:57 Gold Mining
11:58 Stone Mining
12:04 Stone Mining
13:29 Heavy Plow
14:28 Bow Saw
16:39 Coinage
19:12 Stone Shaft Mining
21:56 Town Watch
23:05 Scale Barding Armor
23:11 Forging
25:47 Hand Cart
27:17 Chain Barding Armor
31:47 Imperial Age
29:07 Pikeman
29:48 Squires
29:34 Arson
31:31 Iron Casting
30:20 Light Cavalry
31:11 Bloodlines
31:01 Husbandry
33:14 Crop Rotation
33:45 Two-Man Saw
32:37 Halberdier
32:45 Cavalier
34:37 Chemistry
34:27 Fletching
34:38 Padded Archer Armor
35:14 Plate Barding Armor
34:40 Scale Mail Armor
35:04 Ballistics
34:56 Fortified Wall
34:42 Murder Holes
34:28 Treadmill Crane
34:59 Masonry
35:12 Town Patrol
36:24 Banking
36:06 Guilds
35:44 Winged Hussar
36:23 Paladin
37:55 Capped Ram
38:59 Man-at-Arms
42:36 Caravan
46:03 Onager
47:36 Bodkin Arrow
47:57 Leather Archer Armor
47:57 Chain Mail Armor
49:25 Bracer
49:55 Ring Archer Armor
52:33 Long Swordsman
57:32 Elite Skirmisher
59:33 Conscription
59:13 Tower Shields
59:14 Hill Forts
59:51 Hoardings
60:34 Two-Handed Swordsman
62:43 Redemption
65:58 Champion
72:02 Heated Shot
72:43 Architecture
72:34 Bombard Tower
72:04 Guard Tower
benjaminvilmos
8:13 Feudal Age
10:02 Horse Collar
16:30 Double-Bit Axe
16:42 Stone Mining
22:48 Castle Age
24:24 Heavy Plow
24:38 Bow Saw
26:41 Wheelbarrow
25:57 Loom
28:00 Hand Cart
28:14 Caravan
32:46 Imperial Age
37:32 Forging
37:22 Scale Mail Armor
37:32 Scale Barding Armor
36:50 Man-at-Arms
36:50 Pikeman
37:31 Squires
37:52 Gold Mining
38:18 Bloodlines
38:08 Husbandry
38:32 Conscription
38:18 Ballistas
38:34 Comitatenses
37:42 Long Swordsman
37:44 Halberdier
40:14 Gold Shaft Mining
39:08 Legionary
39:13 Elite Centurion
40:38 Iron Casting
40:25 Chain Mail Armor
40:41 Chain Barding Armor
42:20 Blast Furnace
41:05 Heavy Scorpion
43:01 Plate Barding Armor
44:01 Chemistry
43:22 Ballistics
60:18 Capped Ram
CalaveraDelCid
0:29 Loom
7:13 Feudal Age
12:33 Castle Age
11:18 Double-Bit Axe
11:17 Horse Collar
14:18 Crossbowman
18:40 Town Watch
21:36 Ballistics
24:53 Wheelbarrow
23:59 Pikeman
26:12 Heavy Plow
30:57 Imperial Age
28:36 Fletching
29:03 Padded Archer Armor
29:48 Hand Cart
29:53 Bodkin Arrow
31:40 Leather Archer Armor
33:34 Bow Saw
35:14 Chemistry
34:18 Bracer
34:48 Ring Archer Armor
34:19 Halberdier
35:54 Forging
35:45 Scale Mail Armor
37:55 Iron Casting
38:15 Elite Longbowman
40:46 Yeomen
41:28 Blast Furnace
40:43 Chain Mail Armor
44:46 Plate Mail Armor
46:06 Two-Man Saw
45:38 Squires
52:00 Caravan
52:14 Arson
54:53 Arson
61:05 Stone Mining
61:05 Gold Mining
68:48 Capped Ram
贝贝
9:38 Feudal Age
10:25 Double-Bit Axe
14:47 Castle Age
18:17 Bow Saw
24:47 Imperial Age
24:16 Husbandry
24:31 Forging
24:27 Scale Barding Armor
25:14 Wheelbarrow
24:26 Loom
24:28 Town Watch
24:42 Gold Mining
25:00 Cavalier
26:12 Hand Cart
29:22 Iron Casting
29:08 Chain Barding Armor
30:10 Gold Shaft Mining
30:26 Pikeman
31:06 Squires
32:12 Blast Furnace
31:47 Plate Barding Armor
31:13 Scale Mail Armor
31:41 Stone Mining
32:10 Paladin
34:36 Halberdier
35:03 Arson
35:40 Chain Mail Armor
35:16 Fletching
35:29 Caravan
39:06 Plate Mail Armor
38:32 Bodkin Arrow
39:06 Conscription
38:48 Ordonnance Companies
60:43 Chivalry
61:19 Hoardings
65:32 Elite Throwing Axeman
codyjen
0:29 Loom
10:16 Feudal Age
15:41 Castle Age
22:11 Double-Bit Axe
22:08 Horse Collar
26:56 Imperial Age
24:40 Bow Saw
24:22 Gold Mining
25:16 Wheelbarrow
25:54 Fortified Wall
25:26 Treadmill Crane
27:11 Heavy Plow
27:08 Stone Mining
27:55 Gold Shaft Mining
28:53 Hand Cart
28:58 Town Watch
35:01 Stone Shaft Mining
34:58 Crop Rotation
35:30 Two-Man Saw
36:41 Chemistry
36:03 Ballistics
35:51 Scale Barding Armor
35:57 Forging
36:10 Conscription
36:01 Thunderclap Bombs
35:13 Elite Iron Pagoda
36:28 Caravan
36:53 Town Patrol
37:10 Masonry
36:52 Arson
36:53 Gambesons
37:08 Squires
36:38 Pikeman
38:02 Fortified Bastions
43:33 Architecture
43:00 Murder Holes
43:11 Siege Engineers
42:52 Arrowslits
43:12 Padded Archer Armor
43:02 Fletching
43:48 Iron Casting
43:34 Chain Barding Armor
43:51 Guilds
44:27 Leather Archer Armor
44:00 Halberdier
48:15 Heavy Rocket Cart
52:11 Plate Barding Armor
52:36 Blast Furnace
51:32 Bodkin Arrow
52:07 Ring Archer Armor
51:38 Scale Mail Armor
Aaron_7
8:54 Feudal Age
13:02 Castle Age
11:33 Double-Bit Axe
12:32 Horse Collar
16:41 Scale Barding Armor
20:53 Husbandry
20:57 Gold Mining
22:08 Heavy Plow
27:53 Imperial Age
26:43 Wheelbarrow
26:57 Bow Saw
27:20 Bloodlines
27:57 Chain Barding Armor
27:48 Forging
27:45 Town Watch
28:54 Ballistics
29:14 Plate Barding Armor
29:28 Conscription
31:12 Kamandaran
31:49 Caravan
32:49 Elite War Elephant
34:18 Crop Rotation
34:52 Iron Casting
34:28 Crossbowman
35:06 Fletching
36:20 Chemistry
35:26 Padded Archer Armor
37:14 Thumb Ring
37:54 Bodkin Arrow
38:14 Leather Archer Armor
39:01 Blast Furnace
40:44 Two-Man Saw
43:32 Ring Archer Armor
43:15 Masonry
43:01 Murder Holes
43:19 Light Cavalry
49:51 Scale Mail Armor
50:24 Architecture
51:18 Hand Cart
51:04 Town Patrol
54:23 Loom
LE MINH NHAT
8:57 Feudal Age
10:35 Double-Bit Axe
11:43 Stone Mining
14:04 Castle Age
12:20 Horse Collar
12:32 Gold Mining
17:09 Bow Saw
18:56 Stone Shaft Mining
20:16 Wheelbarrow
21:35 Gold Shaft Mining
22:10 Heavy Plow
27:40 Hand Cart
27:50 Scale Mail Armor
28:01 Forging
29:00 Chain Mail Armor
32:40 Imperial Age
30:41 Caravan
31:20 Iron Casting
32:42 Squires
34:17 Conscription
33:18 Elite Ghulam
33:28 Heavy Camel Rider
34:45 Husbandry
34:58 Bloodlines
35:06 Imperial Camel Rider
39:23 Blast Furnace
38:14 Arson
45:34 Chemistry
59:19 Siege Elephant
Connection lost

Rejoining the realm…

Still unreachable

The connection could not be restored.

Session expired

The server has moved on; the page needs a fresh start.